 Dungeon Crawl Stone Soup version 0.26-a0-662-g8b9c6dab81 (webtiles) character file.

Game seed: 296911353835213720

10504 willcat the Covert (level 11, -8/67 HPs)
             Began as an Octopode Warper on Oct 9, 2020.
             Was a Priest of Sif Muna.
             Mangled by a yak (17 damage)
             ... on level 1 of the Lair of Beasts on Oct 10, 2020.
             The game lasted 00:22:22 (12228 turns).

willcat the Covert (Octopode Warper)               Turns: 12228, Time: 00:22:23

Health: -8/67      AC:  7    Str: 11    XL:     11   Next: 63%
Magic:  17/19      EV: 17    Int: 18    God:    Sif Muna [***...]
Gold:   434        SH:  0    Dex: 12    Spells: 12/21 levels left

rFire    . . .     SeeInvis .   d - +3 dagger (vorpal)
rCold    . . .     Faith    .   (no shield)
rNeg     + . .     Spirit   .   a - +2 hat {MR+}
rPois    +         Reflect  .   u - amulet of the Four Winds {rN+ MR+++ Clar}
rElec    .         Harm     .   k - ring of poison resistance
rCorr    .         Rampage  .   (no ring)
MR       ++++.     Clarity  +   (no ring)
Stlth    ++++++....             (no ring)
HPRegen  0.21/turn              (no ring)
MPRegen  0.16/turn              (no ring)
                                (no ring)
                                (no ring)

@: no status effects
A: almost no armour, stealthy swim, amphibious, 8 rings, constrict 8, icy blue
scales 1, iridescent scales 1, camouflage 1, wild magic 1, gelatinous body 1
a: Channel Magic, Forget Spell, Renounce Religion


You were on level 1 of the Lair of Beasts.
You worshipped Sif Muna.
Sif Muna was most pleased with you.
You visited 2 branches of the dungeon, and saw 10 of its levels.

You collected 501 gold pieces.
You spent 67 gold pieces at shops.

Inventory:

Hand Weapons
 d - a +3 vorpal dagger (weapon)
Missiles
 s - 8 boomerangs
 w - 3 atropa-tipped darts
 G - 4 curare-tipped darts (quivered)
 I - 4 poisoned darts
 J - 3 throwing nets
Armour
 a - a +2 hat of magic resistance (worn)
 A - a +0 tower shield
Jewellery
 k - a ring of poison resistance (left tentacle)
 u - the amulet of the Four Winds (around mantle) {rN+ MR+++ Clar}
   (You found it on level 5 of the Dungeon)

   [amulet of nothing]

   It protects you from negative energy.
   It affects your resistance to hostile enchantments.
   It protects you against confusion.
 v - an uncursed ring of fire
Wands
 H - a wand of iceblast (11)
Scrolls
 b - 3 scrolls of immolation
 c - 4 scrolls of blinking
 e - 4 scrolls of remove curse
 i - 5 scrolls of magic mapping
 j - a scroll of summoning {unknown}
 m - 5 scrolls of amnesia
 r - a scroll of enchant armour
 x - a scroll of identify
 F - a scroll of teleportation
Potions
 f - 3 potions of curing
 g - 2 potions of flight
 h - 2 potions of cancellation
 l - a potion of brilliance {unknown}
 n - 5 potions of heal wounds
 o - a potion of resistance
 p - a potion of lignification
 q - 2 potions of magic
 t - 2 potions of mutation
 B - 2 potions of stabbing {unknown}
 C - 2 potions of might {unknown}
 E - a potion of haste {unknown}


   Skills:
 - Level 3.0 Fighting
 + Level 8.6 Short Blades
 - Level 1.0 Throwing
 + Level 8.7 Dodging
 + Level 11.4 Stealth
 + Level 5.5 Shields
 + Level 5.9 Spellcasting
 + Level 5.2 Translocations
 + Level 5.5 Evocations


You had 12 spell levels left.
You knew the following spells:

 Your Spells              Type           Power        Failure   Level
a - Blink                 Tloc           N/A          4%          2
b - Teleport Other        Tloc           ####....     7%          3
c - Passage of Golubria   Tloc           N/A          21%         4

Your spell library contained the following spells:

 Spells                   Type           Power        Failure   Level
 Gell's Gravitas          Tloc           ####......   7%          3
 Lesser Beckoning         Tloc           ####......   7%          3


Dungeon Overview and Level Annotations

Branches:
Dungeon (9/15)             Temple (0/1) D:4            Lair (1/6) D:9
    Orc: D:9-12

Altars:
Ashenzari
Cheibriados
Elyvilon
Fedhas
Gozag
Hepliaklqana
Kikubaaqudgha
Qazlal
Ru
Sif Muna
Trog
Uskayaw
Vehumet
Xom
Yredelemnul
The Shining One

Shops:
D:8 *

Annotations:
D:5 Creed's ghost, novice MiFi; Edmund
D:6 3 runed translucent doors, Dittersdorf's ghost, novice GrFi; frankcastle's ghost, novice DDFi; quoriil's ghost, novice DsWn
D:7 1 runed translucent door, handsome's ghost, novice OpGl


Innate Abilities, Weirdness & Mutations

You cannot wear most types of armour.
You are very stealthy in the water. (Stealth+)
You are amphibious.
You can wear up to eight rings at the same time.
You can use your tentacles to constrict eight enemies at once.
Your skin changes colour to match your surroundings (Stealth+).
Your rubbery body absorbs attacks. (AC +1, EV +1)
You are partially covered in icy blue scales. (AC +2)
You are partially covered in iridescent scales. (AC +2)
Your spells are a little harder to cast, but a little more powerful.


Message History

Cast which spell? (? or * to list)
Aiming: Teleport Other (dangerous; 7% risk of failure)
Press: ? - help, Shift-Dir - straight line, f - yak
Aim: a yak (chance to defeat MR: 71%)
The yak looks slightly unstable.
The yak gores you.
Unknown command.
You hit the yak but do no damage. The yak closely misses you.
You closely miss the yak. The yak gores you!
* * * LOW HITPOINT WARNING * * *
You hit the yak.
The yak is lightly wounded.
The yak disappears!
You barely miss the yak.
The yak is lightly wounded.
You hit the yak. You squeeze the yak.
The yak is moderately wounded.
The yak gores you!
* * * LOW HITPOINT WARNING * * *
The yak gores you!
You die...

.. ...#.....# ........##......##
......#.....# ...#...##.......#
.#.##.......## #.##...##.####.##
.............####.#....##+.##..P#
.................................
.................................
.................................
..............YY.................
...........###.#@P###............
+#####....##..##Y.###............
##...##.......##...##+#####.
#....#h......##...##.#.###.
#...P#.......##...##....##.
#...##.......##...##.....#.
#...##.......#....##....#..
#.####.###...##.....#.
########.#...###P.###.


You could see 3 yaks.

Vanquished Creatures
  Gastronok (D:9)
  Harold (D:9)
  3 death yaks (D:9)
  Pikel (D:4)
  3 cane toads (Lair:1)
  Prince Ribbit (D:8)
  Sigmund (D:2)
  A wyvern (D:8)
  7 yaks (D:9)
  Grum (D:8)
  A water moccasin (D:8)
  Duvessa (D:7)
  A black bear (D:7)
  An ice beast (D:6)
  A phantom (D:9)
  An orc warrior (D:9)
  2 sky beasts (D:9)
  2 ogres
  A wolf (D:8)
  2 centaurs
  A lemure (D:4)
  A big kobold (D:7)
  6 bullfrogs
  An elf zombie (D:8)
  7 jellies
  3 scorpions
  Dowan (D:7)
  3 wights (D:9)
  3 howler monkeys
  2 quasits
  A bullfrog zombie (D:9)
  2 human zombies (D:8)
  4 hounds
  7 orc wizards
  Crazy Yiuf (D:4)
  2 orc priests
  An iguana (D:8)
  Natasha (thrice) (D:2)
  A human skeleton (D:8)
  6 worker ants
  A killer bee zombie (D:8)
  A hound zombie (D:3)
  A hound skeleton (D:4)
  A worker ant zombie (D:6)
  Robin (D:4)
  8 adders
  A shadow imp (D:9)
  A white imp (D:9)
  2 ufetubi (D:6)
  An adder zombie (D:6)
  3 adder skeletons
  3 worms
  A dart slug (D:2)
  5 leopard geckos
  14 orcs
  6 giant cockroaches
  9 hobgoblins
  4 jackals
  12 kobolds
  4 quokkas
  4 bats
  5 frilled lizards
  A giant cockroach zombie (D:5)
  12 goblins
  2 quokka skeletons
  A quokka zombie (D:7)
  8 rats
201 creatures vanquished.

Vanquished Creatures (others)
  A plant (D:9)
1 creature vanquished.

Grand Total: 202 creatures vanquished

Notes
Turn   | Place    | Note
-------+----------+-------------------------------------------
     0 | D:1      | willcat the Octopode Warper began the quest for the Orb.
     0 | D:1      | Reached XP level 1. HP: 14/14 MP: 3/3
   189 | D:1      | Reached XP level 2. HP: 14/19 MP: 5/5
   793 | D:1      | Learned a level 2 spell: Blink
   907 | D:1      | Reached skill level 1 in Stealth
  1404 | D:2      | Noticed Natasha
  1411 | D:2      | Killed Natasha
  1411 | D:2      | Reached XP level 3. HP: 24/24 MP: 6/6
  1533 | D:2      | Found a white marble altar of Elyvilon.
  1550 | D:2      | Reached skill level 2 in Stealth
  1621 | D:2      | Noticed Natasha
  1640 | D:2      | Reached XP level 4. HP: 29/29 MP: 7/7
  1839 | D:2      | Killed Natasha
  2002 | D:2      | Learned a level 3 spell: Teleport Other
  2070 | D:2      | Found a hide-covered altar of Uskayaw.
  2081 | D:2      | Reached skill level 3 in Stealth
  2102 | D:2      | Found a shimmering blue altar of Sif Muna.
  2177 | D:2      | Became a worshipper of Sif Muna the Loreminder
  2210 | D:2      | Noticed Natasha
  2224 | D:2      | Killed Natasha
  2224 | D:2      | Reached XP level 5. HP: 28/34 MP: 8/8
  2511 | D:2      | Noticed Sigmund
  2522 | D:2      | Killed Sigmund
  2522 | D:2      | Reached skill level 4 in Stealth
  2522 | D:2      | Reached XP level 6. HP: 28/39 MP: 9/9
  2752 | D:3      | Found a shimmering altar of Xom.
  2828 | D:3      | Found a radiant altar of Vehumet.
  3248 | D:4      | Reached skill level 5 in Stealth
  3552 | D:4      | Reached * piety under Sif Muna
  3552 | D:4      | Reached XP level 7. HP: 37/45 MP: 10/10
  3582 | D:4      | Noticed Pikel
  3954 | D:4      | Gained mutation: Your spells are a little harder to cast,
                  | but a little more powerful. [potion of mutation]
  3954 | D:4      | Gained mutation: You are partially covered in iridescent
                  | scales. (AC +2) [potion of mutation]
  3954 | D:4      | Gained mutation: You are partially covered in icy blue
                  | scales. (AC +2) [potion of mutation]
  3968 | D:4      | HP: 3/67 [Pikel/+0 whip of flaming (1)]
  3973 | D:4      | Killed Pikel
  3973 | D:4      | Reached skill level 5 in Short Blades
  3973 | D:4      | Reached skill level 5 in Dodging
  3973 | D:4      | Reached skill level 7 in Stealth
  3973 | D:4      | Reached XP level 8. HP: 4/50 MP: 7/11
  4532 | D:4      | Found a staircase to the Ecumenical Temple.
  4532 | D:4      | Noticed Robin
  4545 | D:4      | Killed Robin
  5024 | D:4      | Found a runed translucent door.
  5025 | D:4      | Noticed Crazy Yiuf
  5133 | D:4      | Killed Crazy Yiuf
  5417 | D:5      | Entered Level 5 of the Dungeon
  5544 | D:5      | Found a runed translucent door.
  5545 | D:5      | Found the amulet of the Four Winds {rN+ MR+++ Clar}
  5545 | D:5      | Noticed Creed's ghost (novice MiFi)
  5594 | D:5      | Found a broken altar of Ashenzari.
  5801 | D:5      | Found a hazy altar of Hepliaklqana.
  6680 | D:6      | Reached skill level 8 in Stealth
  6971 | D:6      | Found a runed translucent gate.
  6971 | D:6      | Found a runed translucent gate.
  6972 | D:6      | Found a runed translucent gate.
  6981 | D:6      | Noticed frankcastle's ghost (novice DDFi)
  6981 | D:6      | Noticed Dittersdorf's ghost (novice GrFi)
  6983 | D:6      | Noticed quoriil's ghost (novice DsWn)
  7033 | D:6      | Noticed Edmund
  7638 | D:6      | Found an ancient bone altar of Kikubaaqudgha.
  7650 | D:6      | Reached XP level 9. HP: 56/56 MP: 13/13
  7751 | D:7      | Reached ** piety under Sif Muna
  7881 | D:7      | Reached skill level 1 in Shields
  8010 | D:7      | Found a runed translucent door.
  8010 | D:7      | Noticed handsome's ghost (novice OpGl)
  8010 | D:7      | Noticed Duvessa
  8010 | D:7      | Noticed Dowan
  8026 | D:7      | Killed Dowan
  8151 | D:7      | Killed Duvessa
  8433 | D:7      | Found a glowing golden altar of the Shining One.
  8527 | D:8      | Noticed Prince Ribbit
  8530 | D:8      | Found Cacekh's General Store.
  8534 | D:8      | Killed Prince Ribbit
  8534 | D:8      | Reached skill level 9 in Stealth
  8596 | D:8      | Bought a scroll of teleportation for 42 gold pieces
  8596 | D:8      | Bought 3 curare-tipped darts for 25 gold pieces
  8605 | D:8      | Reached skill level 1 in Evocations
  8952 | D:8      | Found a bloodstained altar of Trog.
  8962 | D:8      | Found a hide-covered altar of Uskayaw.
  9096 | D:8      | Noticed Grum
  9109 | D:8      | Killed Grum
  9173 | D:8      | Reached XP level 10. HP: 27/63 MP: 9/16
  9863 | D:8      | Learned a level 4 spell: Passage of Golubria
  9937 | D:9      | Reached *** piety under Sif Muna
  9953 | D:9      | Found an opulent altar of Gozag.
  9993 | D:9      | Noticed Harold
 10004 | D:9      | Killed Harold
 10004 | D:9      | Reached skill level 10 in Stealth
 10169 | D:9      | Found a blossoming altar of Fedhas.
 10601 | D:9      | Reached skill level 5 in Spellcasting
 10713 | D:9      | Noticed a death yak
 10713 | D:9      | Noticed a death yak
 10716 | D:9      | Found a staircase to the Lair.
 10763 | D:9      | Killed a death yak
 10819 | D:9      | Killed a death yak
 10819 | D:9      | Reached XP level 11. HP: 31/67 MP: 11/19
 11027 | D:9      | Noticed a death yak
 11104 | D:9      | Killed a death yak
 11104 | D:9      | Reached skill level 11 in Stealth
 11300 | D:9      | Found a stormy altar of Qazlal.
 11483 | D:9      | Found a sacrificial altar of Ru.
 11483 | D:9      | Found a basalt altar of Yredelemnul.
 11483 | D:9      | Found a snail-covered altar of Cheibriados.
 11487 | D:9      | Reached skill level 5 in Shields
 11558 | D:9      | Reached skill level 5 in Evocations
 11907 | D:9      | Noticed Gastronok
 11923 | D:9      | Killed Gastronok
 11923 | D:9      | Reached skill level 5 in Translocations
 12093 | Lair:1   | Entered Level 1 of the Lair of Beasts
 12228 | Lair:1   | Mangled by a yak

Illustrated notes

Levels and vault maps discovered:
D:1:      dpeg_arrival_circle_labyrinth_b, layout_loops_ring
D:2:      layout_basic, lemuel_doored_altar, lemuel_blue_sif_altar,
          nicolae_overflow_crystal_walls, uniq_natasha, uniq_sigmund
D:3:      layout_rooms, old_standard_altar, fiery_altar_vehumet, serial_glass,
          glass_columns_c, glass_columns_b
D:4:      layout_loops_ring, minmay_temple_entry_drinking_statues, uniq_pikel,
          uniq_crazy_yiuf_cottage, uniq_robin
D:5:      layout_loops_corners, lemuel_round_altar, evilmike_ruin_ashenzari,
          ebering_ghost_inner_flame
D:6:      layout_basic, kiku_gazebo_pond_becter, gammafunk_ghost_cemetery,
          serial_shops, shop, nrook_loot_triangle, uniq_edmund
D:7:      layout_rooms, tso_altar, hellmonk_ghost_happy_afterlife, uniq_duvessa
D:8:      layout_basic, old_standard_altar, basic_altar, serial_shops,
          nicolae_shop_competitors_out_of_business,
          lemuel_mausoleum_altar_yredelemnul, uniq_prince_ribbit1, uniq_grum
D:9:      layout_basic, kennysheep_mini, lemuel_round_altar,
          gammafunk_temple_overflow_forgotten, kennysheep_mini_moat,
          dpeg_lair_monsters, uniq_harold, uniq_gastronok
Lair:1:   statuecave_lemuel, layout_regular_city, grunt_megastairs_1

Skill      XL: |  1  2  3  4  5  6  7  8  9 10 11 |
---------------+----------------------------------+-----
Stealth        | 1 2 3 4 5 7 8 9 10 11 | 11.4
Dodging        | 3 4 5 6 7 8 |  8.7
Short Blades   | 3 4 5 6 7 8 |  8.6
Fighting       | 3 |  3.0
Spellcasting   | 4 5 |  5.9
Shields        | 3 4 5 |  5.5
Evocations     | 2 4 5 |  5.5
Translocations | 4 5 |  5.2
Throwing       | |  1.0

Action                   |  1- 3 |  4- 6 |  7- 9 | 10-12 || total
-------------------------+-------+-------+-------+-------++-------
Melee: Short sword       |    53 |   108 |   331 |   110 ||   602
       Constrict         |    16 |    28 |    56 |    15 ||   115
       Tentacles         |     7 |    20 |    62 |    51 ||   140
       Dagger            |       |       |       |   106 ||   106
Throw: Dart              |       |     7 |    23 |    41 ||    71
       Boomerang         |       |     1 |    22 |     9 ||    32
       Throwing net      |       |       |     1 |     1 ||     2
 Cast: Blink             |       |       |    27 |     5 ||    32
       Teleport Other    |       |       |    10 |     1 ||    11
Evoke: Wand              |       |       |    10 |     8 ||    18
  Use: Potion            |       |       |     7 |       ||     7
       Scroll            |       |       |     7 |     3 ||    10
 Stab: Sleeping          |     3 |     5 |    25 |    14 ||    47
       Invisible         |       |     3 |       |       ||     3
       Distracted        |       |       |     1 |     1 ||     2
       Held in net/web   |       |       |       |     1 ||     1
Armor: Skin              |     6 |     1 |    38 |    23 ||    68
Dodge: Dodged            |    41 |    62 |   205 |    86 ||   394

Table legend: (Time is in decaauts)
 A = Elapsed time spent in this place.
 B = Non-inter-level travel time spent in this place.
 C = Inter-level travel time spent in this place.
 D = Time resting spent in this place.
 E = Time spent auto-exploring this place.
 F = Levels seen in this place.
 G = Mean time per level.
                   A        B        C        D        E       F      G
               +--------+--------+--------+--------+--------+-----+--------+
         Total |  12087 |  11764 |    323 |   2901 |   6243 |  10 | 1208.7 |
       Dungeon |  11958 |  11635 |    323 |   2901 |   6159 |   9 | 1328.7 |
          Lair |    128 |    128 |      0 |      0 |     84 |   1 |  128.0 |
               +--------+--------+--------+--------+--------+-----+--------+

Top non-repeatable levels by time:
     D:4: 2242 daAuts
     D:9: 2124 daAuts
     D:1: 1400 daAuts
     D:8: 1356 daAuts
     D:5: 1279 daAuts
     D:2: 1205 daAuts
     D:6: 900 daAuts
     D:7: 849 daAuts
     D:3: 600 daAuts
  Lair:1: 128 daAuts
